 Dungeon Crawl Stone Soup version 0.31-a0-364-gb59cdcccf2 (webtiles) character file.

Game seed: 11268114190229382781

363 Arzdou the Changeling (level 6, -5/48 HPs)
             Began as a Merfolk Monk on July 27, 2023.
             Shot with an arrow by a centaur (16 damage)
             ... on level 7 of the Dungeon on July 28, 2023.
             The game lasted 00:08:16 (2557 turns).

Arzdou the Changeling (Merfolk Monk)                Turns: 2557, Time: 00:08:17

Health: -5/48      AC:  3    Str: 13    XL:     6   Next: 67%
Magic:  6/6        EV: 13    Int: 10    God:
Gold:   230        SH:  0    Dex: 16    Spells: 5/5 levels left

rFire   . . .        a - +0 falchion
rCold   . . .        d - orb {light}
rNeg    . . .        u - +0 leather armour
rPois   .            (helmet currently unavailable)
rElec   .            (cloak currently unavailable)
rCorr   .            (gloves currently unavailable)
SInv    .            (boots currently unavailable)
Will    .....        p - amulet of regeneration
Stlth   +            (no ring)
HPRegen 1.08/turn    (no ring)
MPRegen 0.10/turn

%: no passive effects
@: beast-form, glowing
A: beast (slay +3), (nimble swimmer 2), mertail
a: Begin Untransformation


You were on level 7 of the Dungeon.
You were a hulking beast.
You visited 1 branch of the dungeon, and saw 7 of its levels.

You collected 230 gold pieces.

Inventory:

Hand Weapons
 a - a +0 falchion (weapon)
Armour
 b - a +0 robe
 d - an orb of light (worn)
 r - a +0 pair of boots
 u - a +0 leather armour (worn)
Magical Staves
 e - a staff of cold
Jewellery
 n - an amulet of faith
 p - an amulet of regeneration (around neck)
 v - an amulet of magic regeneration
Talismans
 f - a beast talisman
 l - a dragon-blood talisman
 y - a serpent talisman
Wands
 t - a wand of paralysis (3)
Scrolls
 h - a scroll of revelation {unknown}
 j - 4 scrolls of identify
 k - 2 scrolls of immolation
 m - 2 scrolls of noise {unknown}
 o - 2 scrolls of torment {unknown}
 q - a scroll of enchant armour {unknown}
Potions
 i - 2 potions of mutation {unknown}
 s - 2 potions of heal wounds {unknown}
 w - a potion of enlightenment {unknown}
 x - a potion of attraction {unknown}


   Skills:
 - Level 3.9 Fighting
 - Level 4.2 Long Blades
 - Level 4.6 Dodging
 + Level 3.4 Unarmed Combat
 + Level 4.7 Shapeshifting


You had 5 spell levels left.
You didn't know any spells.
Your spell library contained the following spells:

 Spells                   Type           Power      Damage    Failure   Level
 Apportation              Tloc           0%         N/A       43%         1
 Ensorcelled Hibernation  Hex/Ice        0%         N/A       58%         2
 Passwall                 Tmut/Erth      0%         N/A       58%         2
 Swiftness                Air            0%         N/A       82%         3
 Vhi's Electric Charge    Tloc/Air       0%         N/A       82%         3
 Anguish                  Hex/Necr       0%         N/A       99%         4
 Alistair's Intoxication  Tmut/Pois      0%         N/A       100%        5
 Arcjolt                  Conj/Air       0%         1d10      100%        5
 Plasma Beam              Fire/Air       0%         2x1d10    100%        6


Dungeon Overview and Level Annotations

Branches:
Dungeon (9/15)
 Temple: D:4-7         Lair: D:8-11         Orc: D:9-12

Altars:

Annotations:
D:3 3 runed translucent doors, Filo's ghost, weakling HORe; MrCrawl's ghost, amateur TeFE; Xoff's ghost, amateur GnCj; floatRand's ghost, amateur OgCA; vcxz's ghost, weakling NaWn


Innate Abilities, Weirdness & Mutations

You are a hulking beast.
Your limbs bulge with bestial killing power. (Slay +3)
((You are very nimble when in or above water. (Stealth+, EV+, Speed+++)))
Your lower body shifts to a powerful aquatic tail in water.


Message History

The bullfrog closely misses you.
There is a stone staircase leading down here.
You hit the bullfrog.
The bullfrog is lightly wounded.
The bullfrog hits you.
The bullfrog hits you but does no damage.
You slash the bullfrog!
The bullfrog is severely wounded.
The bullfrog hits you. The bullfrog hits you!
You slash the bullfrog!
You kill the bullfrog!
You see here a bullfrog corpse.
You start resting.
A water moccasin comes into view.
There is a stone staircase leading down, spattered with blood here.
The water moccasin hisses angrily.
There is a stone staircase leading up here.
You climb upwards.
The centaur shoots an arrow.
The arrow hits you.
The centaur shoots an arrow.
The arrow hits you!
There is a stone staircase leading down, spattered with blood here.
A wight comes into view.
It is wielding a +1 short sword of speed.
The centaur shoots an arrow.
The arrow barely misses you.
The centaur shoots an arrow.
The arrow barely misses you.
The centaur shoots an arrow.
The arrow hits you!
The centaur shoots an arrow.
The arrow completely misses you.
The centaur shoots an arrow.
The arrow hits you!
* * * LOW HITPOINT WARNING * * *
The centaur shoots an arrow.
The arrow barely misses you.
As you read the scroll labelled CASTRO YTEDGHYGG, it crumbles to dust.
It is a scroll of identify.
k - 2 scrolls of immolation
Okay, then.
The centaur shoots an arrow.
The arrow hits you.
* * * LOW HITPOINT WARNING * * *
The centaur shoots an arrow.
The arrow hits you!
* * * LOW HITPOINT WARNING * * *
The centaur shoots an arrow.
The arrow barely misses you.
The centaur shoots an arrow.
The arrow closely misses you.
The centaur shoots an arrow.
The arrow hits you!
You die...

#...##.....# #Z#
##.###.....# #.#
#.# #.....# #..
#.# #.....# ##.
#.# #(....# ###.
#.# ###.####
#...
#)###.>....#
#.#.
#.##.......###
#.#.
#.h..z.......#
#...
####..#..#.#.#
#... #...c.....#
#..# #....>..#.#
#..
#.#..#......z..
#.........#[.. .
###....##.#..8Z.
#.......# .Z.
##.###### ....


You could see a centaur and a wight.

Vanquished Creatures
  A hornet zombie (D:7)
  A bullfrog (D:8)
  Ijyb (D:2)
  2 orc wizards (D:7)
  A killer bee zombie (D:7)
  2 adders
  2 worms (D:3)
  2 dart slugs (D:2)
  2 orcs (D:7)
  9 ball pythons
  9 endoplasms
  A giant cockroach (D:3)
  5 hobgoblins
  8 jackals
  2 quokkas
  3 bats
  4 frilled lizards
  15 goblins
  6 kobolds
  4 rats
80 creatures vanquished.

Notes
Turn   | Place    | Note
-------+----------+-------------------------------------------
     0 | D:1      | Arzdou the Merfolk Monk began the quest for the Orb.
     0 | D:1      | Reached XP level 1. HP: 18/18 MP: 1/1
    77 | D:1      | Reached XP level 2. HP: 20/24 MP: 2/2
   669 | D:1      | Reached XP level 3. HP: 27/30 MP: 3/3
  1009 | D:2      | Reached skill level 1 in Shapeshifting
  1168 | D:2      | Reached XP level 4. HP: 37/37 MP: 4/4
  1391 | D:2      | Noticed Ijyb
  1613 | D:2      | Paralysed by Ijyb for 3 turns
  1616 | D:2      | Killed Ijyb
  1878 | D:3      | Reached XP level 5. HP: 26/42 MP: 5/5
  1919 | D:3      | Reached skill level 1 in Unarmed Combat
  2006 | D:3      | Found a runed translucent gate.
  2007 | D:3      | Found a runed translucent gate.
  2009 | D:3      | Noticed Filo's ghost (weakling HORe)
  2009 | D:3      | Noticed MrCrawl's ghost (amateur TeFE)
  2010 | D:3      | Noticed floatRand's ghost (amateur OgCA)
  2010 | D:3      | Noticed Xoff's ghost (amateur GnCj)
  2010 | D:3      | Noticed vcxz's ghost (weakling NaWn)
  2012 | D:3      | Found a runed translucent gate.
  2314 | D:4      | You fall into a shaft and drop 3 floors!
  2486 | D:7      | Reached XP level 6. HP: 27/48 MP: 6/6
  2540 | D:8      | Noticed a water moccasin
  2557 | D:7      | Shot with an arrow by a centaur

Illustrated notes

Levels and vault maps discovered:
D:1:      scummos_arrival_simple_crosswalls, layout_basic
D:2:      kennysheep_the_goblin_king, layout_rooms
D:3:      layout_rooms, gammafunk_ghost_cemetery, minmay_quadrilaterals
D:4:      layout_loops_corners, serial_shops, nicolae_inconvenience_store,
          nicolae_shop_behind_doors, dk_vineyard_3, minmay_snake_closets
D:7:      minmay_evil_eye, layout_loops_cross, serial_undead, serial_undead_d,
          serial_undead_d, serial_undead_d, serial_undead_f,
          ebering_ghost_gozag, uniq_maggie
D:8:      layout_loops_cross
D:9:      layout_loops_cross, mainiacjoe_overflow_surrounded_room,
          serial_demonic, serial_demonic_a, serial_demonic_d, serial_demonic_f,
          serial_demonic_b

Skill      XL: |  1  2  3  4  5 |
---------------+----------------+-----
Long Blades    | 4 |  4.2
Shapeshifting  | 1 3 4 |  4.7
Unarmed Combat | 3 |  3.4
Fighting       | |  3.9
Dodging        | |  4.6

Action                     |  1- 3 |  4- 6 || total
---------------------------+-------+-------++-------
  Melee: Falchion          |    94 |   103 ||   197
  Evoke: Wand              |       |     3 ||     3
    Use: Potion            |       |     4 ||     4
         Scroll            |       |     1 ||     1
   Stab: Paralysed         |       |     4 ||     4
 Armour: Robe              |    13 |     7 ||    20
         Leather armour    |       |    10 ||    10
  Dodge: Dodged            |    75 |    85 ||   160
   Form: Beast             |     1 |       ||     1

Table legend: (Time is in decaauts)
 A = Elapsed time spent in this place.
 B = Non-inter-level travel time spent in this place.
 C = Inter-level travel time spent in this place.
 D = Time resting spent in this place.
 E = Time spent auto-exploring this place.
 F = Levels seen in this place.
 G = Mean time per level.
                   A        B        C        D        E       F      G
               +--------+--------+--------+--------+--------+-----+--------+
         Total |   2576 |   2401 |    175 |      3 |   1772 |   7 |  368.0 |
       Dungeon |   2576 |   2401 |    175 |      3 |   1772 |   7 |  368.0 |
               +--------+--------+--------+--------+--------+-----+--------+

Top non-repeatable levels by time:
     D:1: 1019 daAuts
     D:2: 657 daAuts
     D:3: 651 daAuts
     D:7: 228 daAuts
     D:8: 16 daAuts
     D:9: 1 daAuts
     D:4: 0 daAuts
